 Dungeon Crawl Stone Soup version 0.26-b1-32-g5d43845318 (webtiles) character file.

Game seed: 4282047218097900953

1351 Borgoz the Cudgeller (level 8, 0/50 HPs)
             Began as a Gargoyle Berserker on Jan 11, 2021.
             Was a Priest of Trog.
             Slain by an orc warrior
             ... wielding a +0 scimitar
              (16 damage)
             ... on level 7 of the Dungeon.
             The game lasted 00:06:50 (7153 turns).

Borgoz the Cudgeller (Gargoyle Berserker)           Turns: 7153, Time: 00:06:50

Health: 0/50       AC: 16    Str: 21    XL:     8   Next: 63%
Magic:  8/8        EV: 13    Int:  8    God:    Trog [***...]
Gold:   333        SH:  0    Dex: 11    Spells: 7/7 levels left

rFire    . . .     SeeInvis .   a - +0 mace
rCold    . . .     Faith    .   (no shield)
rNeg     + . .     Spirit   .   B - +0 ring mail
rPois    ∞         Reflect  .   (no helmet)
rElec    +         Harm     .   (no cloak)
rCorr    .         Rampage  .   o - +0 pair of gloves
Will     .....                  i - +2 pair of boots
Stlth    ++........             E - amulet of the acrobat
HPRegen  0.16/turn              m - ring of stealth
MPRegen  0.11/turn              (no ring)

@: no status effects
A: negative energy resistance 1, electricity resistance, unbreathing,
petrification resistance, miasma immunity, AC +5
a: Renounce Religion, Berserk, Trog's Hand


You were on level 7 of the Dungeon.
You worshipped Trog.
Trog was most pleased with you.
You visited 2 branches of the dungeon, and saw 8 of its levels.

You collected 333 gold pieces.

Inventory:

Hand Weapons
 a - a +0 mace (weapon)
Armour
 i - a +2 pair of boots (worn)
 o - a +0 pair of gloves (worn)
 B - a +0 ring mail (worn)
Jewellery
 m - a ring of stealth (left hand)
 u - an uncursed ring of ice
 E - an amulet of the acrobat (around neck)
Wands
 n - a wand of flame (24)
Scrolls
 c - 3 scrolls of teleportation {unknown}
 d - 5 scrolls of remove curse
 f - 2 scrolls of magic mapping {unknown}
 h - 3 scrolls of enchant weapon {unknown}
 k - a scroll of identify
 r - 3 scrolls of enchant armour {unknown}
 v - a scroll of fog {unknown}
 y - a scroll of noise {unknown}
 A - 2 scrolls of blinking {unknown}
 C - a scroll of amnesia {unknown}
Potions
 b - a potion of heal wounds
 e - a potion of brilliance {unknown}
 g - 2 potions of invisibility
 j - a potion of degeneration {unknown}
 l - 2 potions of ambrosia
 p - a potion of haste
 q - 2 potions of berserk rage
 s - a potion of mutation {unknown}
 t - 2 potions of cancellation {unknown}
 w - 4 potions of curing
 x - 2 potions of lignification {unknown}
 z - 3 potions of might
 D - a potion of flight {unknown}


   Skills:
 + Level 5.5 Fighting
 * Level 6.6 Maces & Flails
 + Level 5.0 Armour
 * Level 5.2 Dodging


You had 7 spell levels left.
You didn't know any spells.
Your spell library was empty.

Dungeon Overview and Level Annotations

Branches:
Dungeon (7/15)             Temple (1/1) D:5

Altars:
Ashenzari
Cheibriados
Dithmenos
Elyvilon
Fedhas
Gozag
Hepliaklqana
Kikubaaqudgha
Makhleb
Nemelex Xobeh
Okawaru
Qazlal
Ru
Sif Muna
Trog
Uskayaw
Vehumet
Wu Jian
Xom
Yredelemnul
Zin
The Shining One


Innate Abilities, Weirdness & Mutations

You are resistant to torment.
Your stone body is resilient. (AC +5)
You are immune to poison.
You resist negative energy. (rN+)
You are resistant to electric shocks. (rElec)
You can survive without breathing.
You are immune to petrification.
You are immune to miasma.


Message History

The orc warrior hits you with a +0 scimitar!
The phantom blinks!
The orc barely misses you.
Things that are here:
a +0 mace; a cursed +0 leather armour You are too injured to fight recklessly!
You are too injured to fight recklessly!
You are too injured to fight recklessly!
The orc warrior completely misses you. The orc completely misses you.
The orc wizard casts a spell at you.
The magic dart hits you but does no damage.
You are too injured to fight recklessly!
You hit the orc warrior but do no damage.
The phantom blinks!
The orc warrior hits you but does no damage.
The orc misses you.
You thump the orc!
You kill the orc!
Trog accepts your kill.
The orc warrior hits you with a +0 scimitar!
You die...

# . ##### ###### ..#.
#.... #..... #.#.##...
#..... ..W......
#####.....
........#######.........
..$..$........'....(....
###...§#######......††.
#..o@# ########'# #..)o#
#.... +....# #....
#....# #.... #....#
##.... #).... +.....
#....# ####.. #....# #..
#....# #..


You could see a phantom, an orc warrior and an orc wizard (fast).

Vanquished Creatures
  A water moccasin (D:5)
  2 ogres
  A centaur (D:5)
  2 bullfrogs
  A scorpion (D:6)
  A howler monkey (D:4)
  A bullfrog zombie (D:5)
  An orc wizard (D:5)
  A centaur skeleton (D:4)
  2 orc priests
  6 hounds
  An iguana (D:4)
  Natasha (thrice) (D:2)
  5 worker ants
  A worker ant zombie (D:6)
  12 adders
  2 white imps
  An ooze (D:4)
  An adder skeleton (D:6)
  4 worms
  A dart slug (D:1)
  5 leopard geckos
  8 orcs
  A ball python (D:4)
  3 giant cockroaches
  7 goblins
  8 hobgoblins
  4 jackals
  8 kobolds
  A quokka (D:5)
  11 bats
  4 frilled lizards
  A jackal skeleton (D:5)
  7 rats
118 creatures vanquished.

Notes
Turn   | Place    | Note
-------+----------+-------------------------------------------
     0 | D:1      | Borgoz the Gargoyle Berserker began the quest for the Orb.
     0 | D:1      | Reached XP level 1. HP: 14/14 MP: 1/1
    93 | D:1      | Reached XP level 2. HP: 13/19 MP: 2/2
   665 | D:2      | Reached XP level 3. HP: 23/23 MP: 3/3
  1304 | D:2      | Reached XP level 4. HP: 29/29 MP: 4/4
  1429 | D:2      | Noticed Natasha
  1443 | D:2      | Killed Natasha
  1710 | D:2      | Noticed Natasha
  1718 | D:2      | Killed Natasha
  1719 | D:2      | Reached skill level 4 in Maces & Flails
  1719 | D:2      | Reached XP level 5. HP: 33/33 MP: 5/5
  1746 | D:2      | Reached ** piety under Trog
  1820 | D:2      | Noticed Natasha
  1834 | D:2      | Killed Natasha
  2419 | D:3      | You fall into a shaft and drop 2 floors!
  2419 | D:5      | Entered Level 5 of the Dungeon
  2438 | D:5      | Noticed an ogre
  2447 | D:5      | Killed an ogre
  2448 | D:5      | Reached XP level 6. HP: 38/38 MP: 6/6
  3276 | D:4      | Reached skill level 5 in Maces & Flails
  3384 | D:4      | Reached XP level 7. HP: 41/44 MP: 7/7
  5172 | D:5      | Found a staircase to the Ecumenical Temple.
  5187 | D:5      | Reached *** piety under Trog
  5192 | Temple   | Entered the Ecumenical Temple
  5383 | D:5      | Reached skill level 5 in Fighting
  5383 | D:5      | Reached XP level 8. HP: 49/49 MP: 8/8
  5402 | D:5      | Found an ancient bone altar of Kikubaaqudgha.
  5444 | D:5      | Reached skill level 6 in Maces & Flails
  5527 | D:5      | Found a burning altar of Makhleb.
  5856 | D:6      | Found a shimmering altar of Xom.
  6905 | D:7      | Reached skill level 5 in Dodging
  7148 | D:7      | Reached skill level 5 in Armour
  7153 | D:7      | Slain by an orc warrior

Illustrated notes

Levels and vault maps discovered:
D:1:      lightli_arrival_quake, layout_basic
D:2:      layout_loops_ring, small_statue_intersection,
          chequers_decorated_corner, uniq_natasha
D:3:      layout_basic
D:4:      layout_basic, grunt_decor_fettered, roderic_serpentine_path
D:5:      layout_rooms, kennysheep_little_box, minmay_temple_entry_grid,
          makhleb_blood_cavern_becter
D:6:      layout_basic, basic_altar
D:7:      layout_basic, uniq_duvessa
Temple:   dpeg_three_leaves_temple

Skill      XL: |  1  2  3  4  5  6  7  8 |
---------------+-------------------------+-----
Dodging        | 2 3 4 5 |  5.2
Maces & Flails | 4 5 6 |  6.6
Armour         | 3 4 5 |  5.0
Fighting       | 4 5 |  5.5

Action                   |  1- 3 |  4- 6 |  7- 9 || total
-------------------------+-------+-------+-------++-------
Melee: Mace              |   109 |   186 |   301 ||   596
Invok: Berserk           |       |     1 |       ||     1
       Trog's Hand       |       |     1 |       ||     1
  Use: Scroll            |     1 |       |     4 ||     5
       Potion            |       |     5 |       ||     5
 Stab: Sleeping          |     4 |     7 |     9 ||    20
       Invisible         |       |     2 |       ||     2
Armor: Animal skin       |    43 |   100 |       ||   143
       Skin              |       |     4 |       ||     4
       Ring mail         |       |    10 |   206 ||   216
Dodge: Dodged            |    78 |   163 |   299 ||   540
